 Dungeon Crawl Stone Soup version 0.31-a0-844-gdc52ec4e09 (webtiles) character file.

Game seed: 2378564079425142407

15 LeprechaunX the Changeling (level 2, 0/18 HPs)
             Began as an Octopode Shapeshifter on Sept 28, 2023.
             Slain by a cerulean imp
             ... wielding a +1 spear
             ... summoned by Natasha
              (5 damage)
             ... on level 2 of the Dungeon.
             The game lasted 00:00:18 (140 turns).

LeprechaunX the Changeling (Octopode Shapeshifter)   Turns: 140, Time: 00:00:19

Health: 0/18       AC:  1    Str: 13    XL:     2   Next: 50%
Magic:  2/2        EV: 13    Int: 12    God:
Gold:   0          SH:  0    Dex: 11    Spells: 1/1 levels left

rFire   . .          .
                       - Unarmed
rCold   . . .        (no shield)
rNeg    . . .        (helmet currently unavailable)
rPois   .            (no amulet)
rElec   .            (no ring)
rCorr   .            (no ring)
SInv    .            (no ring)
Will    .....        (no ring)
Stlth   ++           (no ring)
HPRegen 0.23/turn    (no ring)
MPRegen 0.08/turn    (no ring)
                     (no ring)

%: no passive effects
@: beast-form
A: beast (slay +1), almost no armour, amphibious, 8 rings, camouflage 1,
gelatinous body 1, (nimble swimmer 1), tentacles
a: Begin Untransformation


You were on level 2 of the Dungeon.
You were a hulking beast.
You visited 1 branch of the dungeon, and saw 2 of its levels.

Inventory:

Talismans
 b - a beast talisman (active)
 c - a flux talisman
Scrolls
 e - a scroll of fear {unknown}
Potions
 a - a potion of lignification
 d - a potion of ambrosia {unknown}


   Skills:
 + Level 1.3 Fighting
 + Level 2.2 Dodging
 + Level 3.1 Unarmed Combat
 * Level 3.2 Shapeshifting


You had one spell level left.
You didn't know any spells.
Your spell library was empty.

Dungeon Overview and Level Annotations

Branches:
Dungeon (1/15)

Altars:

Annotations:
D:2 Natasha


Innate Abilities, Weirdness & Mutations

You are a hulking beast.
Your limbs bulge with bestial killing power. (Slay +1)
You cannot wear most types of armour.
You are amphibious.
You can wear up to eight rings at the same time.
Your skin changes colour to match your surroundings (Stealth+).
Your rubbery body absorbs attacks. (AC +1, EV +1)
((You are camouflaged when in or above water. (Stealth+)))
You have tentacles for arms and can constrict up to eight enemies at once.


Message History

Natasha mumbles some strange words.
You tentacle-slap the endoplasm.
The endoplasm is severely wounded.
A rat comes into view.
The endoplasm hits you.
You tentacle-slap the endoplasm.
The endoplasm is almost dead.
The adder barely misses you. The endoplasm closely misses you.
The adder completely misses you.
You tentacle-slap the endoplasm.
You kill the endoplasm!
The cerulean imp hits you from afar with a +1 spear.
The adder bites you.
You are too injured to fight recklessly!
You are too injured to fight recklessly!
You are too injured to fight recklessly!
You are too injured to fight recklessly!
You are too injured to fight recklessly!
You are too injured to fight recklessly!
You are too injured to fight recklessly!
You are too injured to fight recklessly!
You are too injured to fight recklessly!
You are too injured to fight recklessly!
You are too injured to fight recklessly!
You are too injured to fight recklessly!
You are too injured to fight recklessly!
You are too injured to fight recklessly!
You are too injured to fight recklessly!
You are too injured to fight recklessly!
Unknown command.
The cerulean imp attacks as it pursues you!
The cerulean imp hits you from afar with a +1 spear.
You completely miss the adder. Your grab misses the adder.
The cerulean imp hits you from afar with a +1 spear.
* * * LOW HITPOINT WARNING * * *
The adder closely misses you.
You closely miss the adder. You grab the adder. You constrict the adder.
The adder misses you.
The cerulean imp hits you from afar with a +1 spear.
You die...

#####..........###.##
#......#..## ##.##
#.####...## ##.# #.#
#.#..## ##.##
####.####.#.#.###.##
...............#.##
.#####.##...##.##
#.##...#### #h###.##
#S# #.# #h5# #.# #.K#
#.# #r.. .. ....
...... .....# ###.#.#


You could see Natasha, a cerulean imp (summoned), an adder, a kobold and a rat.

Vanquished Creatures
  An adder (D:2)
  A worm (D:2)
  An endoplasm (D:2)
  A giant cockroach (D:2)
4 creatures vanquished.

Notes
Turn   | Place    | Note
-------+----------+-------------------------------------------
     0 | D:1      | LeprechaunX the Octopode Shapeshifter began the quest for
                  | the Orb.
     0 | D:1      | Reached XP level 1. HP: 13/13 MP: 1/1
    12 | D:1      | You fall into a shaft and drop 1 floor!
    29 | D:2      | Reached XP level 2. HP: 4/18 MP: 2/2
   131 | D:2      | Noticed Natasha
   140 | D:2      | Slain by a cerulean imp

Illustrated notes

Levels and vault maps discovered:
D:1:      spicycebolla_arrival_clurvy, layout_basic, minmay_stone_trees_small,
          minmay_octomino_e4
D:2:      layout_loops_ring, basic_altar, uniq_natasha

Action                     || total
---------------------------++-------
  Melee: Unarmed           ||    19
         Constrict         ||     4
         Tentacles         ||     2
 Armour: Skin              ||    11
  Dodge: Dodged            ||    13

Table legend: (Time is in decaauts)
 A = Elapsed time spent in this place.
 B = Non-inter-level travel time spent in this place.
 C = Inter-level travel time spent in this place.
 D = Time resting spent in this place.
 E = Time spent auto-exploring this place.
 F = Levels seen in this place.
 G = Mean time per level.
                   A        B        C        D        E       F      G
               +--------+--------+--------+--------+--------+-----+--------+
         Total |    138 |    138 |      0 |     43 |     59 |   2 |   69.0 |
       Dungeon |    138 |    138 |      0 |     43 |     59 |   2 |   69.0 |
               +--------+--------+--------+--------+--------+-----+--------+

Top non-repeatable levels by time:
     D:2: 126 daAuts
     D:1: 12 daAuts
